TOP OF THE 1ST |
Tacoma Cubs batting - Pitching for Portland Beavers : RHP Nate Snell
|
Pitching: RHP Nate Snell
|
|
Batting: LHB John D Morris
|
0-0: Called Strike 0-1: Ball 1-1: Ball 2-1: Fly out, F8 (Flyball, 8LXD, EV 99.4 MPH)
|
Batting: RHB Glenn Hubbard
|
0-0: Called Strike 0-1: Ball 1-1: Ball 2-1: Swinging Strike 2-2: Ball 3-2: Ground out U3 (Groundball, 3S, EV 70.0 MPH)
|
Batting: LHB Willie Gonzalez
|
0-0: Called Strike 0-1: Foul Ball, location: 2F 0-2: Ball 1-2: Foul Ball, location: 2F 1-2: Foul Ball, location: 2F 1-2: Fly out, F6 (Line Drive, 6, EV 72.5 MPH)
|
Top of the 1st over - 0 runs, 0 hits, 0 errors, 0 left on base; Tacoma 0 - Portland 0 |
BOTTOM OF THE 1ST |
Portland Beavers batting - Pitching for Tacoma Cubs : RHP Bob Davenport
|
Pitching: RHP Bob Davenport
|
|
Batting: LHB Pat Sheridan
|
0-0: Ground out 4-3 (Groundball, 4, EV 81.9 MPH)
|
Batting: LHB Mike Gates
|
0-0: Hit by Pitch
|
Batting: RHB Martinho Varandas
|
0-0: Ball 1-0: Foul Ball, location: 2F 1-1: Swinging Strike 1-2: Strikes out swinging
|
Batting: LHB Harold Baines
|
0-0: Ball 1-0: Ground out 6-3 (Groundball, 6M, EV 85.6 MPH)
|
Bottom of the 1st over - 0 runs, 0 hits, 0 errors, 1 left on base; Tacoma 0 - Portland 0 |
TOP OF THE 2ND |
Tacoma Cubs batting - Pitching for Portland Beavers : RHP Nate Snell
|
Batting: LHB Dan Pasqua
|
0-0: Foul Ball, location: 2F 0-1: Ball 1-1: Ball 2-1: SOLO HOME RUN (Flyball, 7D, EV 110.0 MPH), Distance : 354 ft
|
Batting: RHB Marty Castillo
|
0-0: Ball 1-0: Foul Ball, location: 2F 1-1: Ball 2-1: Ball 3-1: Swinging Strike 3-2: Ground out 5-3 (Groundball, 56, EV 99.4 MPH)
|
Batting: LHB Thad Bosley
|
0-0: Called Strike 0-1: Ground out 6-3 (Groundball, 6, EV 103.8 MPH)
|
Batting: RHB Paul Szymarek
|
0-0: Ball 1-0: Called Strike 1-1: Swinging Strike 1-2: Ball 2-2: Fly out, F8 (Flyball, 8RD, EV 101.9 MPH)
|
Top of the 2nd over - 1 run, 1 hit, 0 errors, 0 left on base; Tacoma 1 - Portland 0 |
BOTTOM OF THE 2ND |
Portland Beavers batting - Pitching for Tacoma Cubs : RHP Bob Davenport
|
Batting: LHB Andre David
|
0-0: Called Strike 0-1: SINGLE (Line Drive, 78S, EV 108.1 MPH)
|
Batting: RHB Skeeter Barnes
|
0-0: Ball 1-0: Ball 2-0: Fly out, F7 (Flyball, 7LS, EV 86.3 MPH)
|
Batting: RHB Pepe Mangual
|
0-0: Called Strike 0-1: Ball 1-1: 2-RUN HOME RUN (Flyball, 78XD, EV 93.1 MPH), Distance : 422 ft
|
Batting: RHB Kevin Buckley
|
0-0: Called Strike 0-1: Ball 1-1: Ball 2-1: Foul Ball, location: 2F 2-2: Foul Ball, location: 2F 2-2: Strikes out swinging
|
Batting: RHB Fred Manrique
|
0-0: Ball 1-0: Ball 2-0: Foul Ball, location: 2F 2-1: Swinging Strike 2-2: Ball 3-2: Base on Balls
|
Batting: LHB Pat Sheridan
|
0-0: Foul Ball, location: 2F 0-1: Ball 1-1: Ball 2-1: Fly out, F7 (Flyball, 78M, EV 96.3 MPH)
|
Bottom of the 2nd over - 2 runs, 2 hits, 0 errors, 1 left on base; Tacoma 1 - Portland 2 |
TOP OF THE 3RD |
Tacoma Cubs batting - Pitching for Portland Beavers : RHP Nate Snell
|
Batting: RHB Alex Trevino
|
0-0: Called Strike 0-1: Called Strike 0-2: SINGLE (Groundball, 34D, EV 101.3 MPH)
|
Batting: RHB Houston Jimenez
|
0-0: SINGLE (Flyball, 78S, EV 91.9 MPH) Alex Trevino to second
|
Batting: LHB John D Morris
|
0-0: Ball 1-0: Foul Ball, location: 2F 1-1: Called Strike 1-2: Foul Ball, location: 2F 1-2: SINGLE (Flyball, 9S, EV 90.0 MPH) Alex Trevino to third Houston Jimenez to second Runner from 3rd tries for Home, SAFE, throw by RF to home
|
Batting: RHB Glenn Hubbard
|
0-0: Ball 1-0: Ball 2-0: Called Strike 2-1: Foul Ball, location: 2F 2-2: Foul Ball, location: 2F 2-2: Fly out, F9 (Flyball, 9D, EV 103.1 MPH) Runner from 2nd tags up, SAFE at 3rd, no throw by RF
|
Batting: LHB Willie Gonzalez
|
0-0: Fly out, F9 (Flyball, 9LM, EV 101.3 MPH) Runner from 3rd tags up, SCORES, throw by RF
|
Batting: LHB Dan Pasqua
|
0-0: Fly out, F1 (Line Drive, P, EV 74.4 MPH)
|
Top of the 3rd over - 2 runs, 3 hits, 0 errors, 1 left on base; Tacoma 3 - Portland 2 |
BOTTOM OF THE 3RD |
Portland Beavers batting - Pitching for Tacoma Cubs : RHP Bob Davenport
|
Batting: LHB Mike Gates
|
0-0: Ground out 4-3 (Groundball, 4, EV 98.8 MPH)
|
Batting: RHB Martinho Varandas
|
0-0: Foul Ball, location: 2F 0-1: Fly out, F8 (Flyball, 8RS, EV 93.1 MPH)
|
Batting: LHB Harold Baines
|
0-0: Hit by Pitch
|
Batting: LHB Andre David
|
0-0: Ball 1-0: Fly out, F7 (Line Drive, 7, EV 96.3 MPH)
|
Bottom of the 3rd over - 0 runs, 0 hits, 0 errors, 1 left on base; Tacoma 3 - Portland 2 |
TOP OF THE 4TH |
Tacoma Cubs batting - Pitching for Portland Beavers : RHP Nate Snell
|
Batting: RHB Marty Castillo
|
0-0: SINGLE (Groundball, 6MD, EV 95.6 MPH)
|
Batting: LHB Thad Bosley
|
0-0: Ball 1-0: Ball 2-0: Foul Ball, location: 2F 2-1: Called Strike 2-2: Ball 3-2: Foul Ball, location: 2F 3-2: Strikes out looking
|
Batting: RHB Paul Szymarek
|
0-0: Ball 1-0: Swinging Strike 1-1: Called Strike 1-2: Ball 2-2: Foul Ball, location: 2F 2-2: Foul Ball, location: 2F 2-2: Grounds into double play, 6-4-3 (Groundball, 6, EV 77.5 MPH)
|
Top of the 4th over - 0 runs, 1 hit, 0 errors, 0 left on base; Tacoma 3 - Portland 2 |
BOTTOM OF THE 4TH |
Portland Beavers batting - Pitching for Tacoma Cubs : RHP Bob Davenport
|
Batting: RHB Skeeter Barnes
|
0-0: Fly out, F9 (Flyball, 89M, EV 96.3 MPH)
|
Batting: RHB Pepe Mangual
|
0-0: Foul Ball, location: 2F 0-1: SINGLE (Groundball, 6MD, EV 101.9 MPH)
|
Batting: RHB Kevin Buckley
|
0-0: Called Strike 0-1: Ball 1-1: SINGLE (Groundball, 56D, EV 101.3 MPH) Pepe Mangual to second
|
Batting: RHB Fred Manrique
|
0-0: Foul Ball, location: 2F 0-1: Ball 1-1: Foul Ball, location: 2F 1-2: Strikes out swinging
|
Batting: LHB Pat Sheridan
|
0-0: Ball 1-0: Ball 2-0: Ball 3-0: Fly out, F7 (Flyball, 7S, EV 86.9 MPH)
|
Bottom of the 4th over - 0 runs, 2 hits, 0 errors, 2 left on base; Tacoma 3 - Portland 2 |
TOP OF THE 5TH |
Tacoma Cubs batting - Pitching for Portland Beavers : RHP Nate Snell
|
Batting: RHB Alex Trevino
|
0-0: Foul Ball, location: 2F 0-1: Ball 1-1: Ball 2-1: Swinging Strike 2-2: Ground out 5-3 (Groundball, 56S, EV 90.0 MPH)
|
Batting: RHB Houston Jimenez
|
0-0: Foul Ball, location: 2F 0-1: Ball 1-1: Swinging Strike 1-2: Strikes out swinging
|
Batting: LHB John D Morris
|
0-0: DOUBLE (Line Drive, 7LM, EV 104.4 MPH)
|
Batting: RHB Glenn Hubbard
|
0-0: Ball 1-0: Fly out, F8 (Flyball, 8RM, EV 95.6 MPH)
|
Top of the 5th over - 0 runs, 1 hit, 0 errors, 1 left on base; Tacoma 3 - Portland 2 |
BOTTOM OF THE 5TH |
Portland Beavers batting - Pitching for Tacoma Cubs : RHP Bob Davenport
|
Batting: LHB Mike Gates
|
0-0: SINGLE (Groundball, 4MD, EV 95.6 MPH)
|
Batting: RHB Martinho Varandas
|
0-0: Called Strike 0-1: Fly out, F9 (Flyball, 9D, EV 90.0 MPH)
|
Batting: LHB Harold Baines
|
0-0: Called Strike 0-1: Ball 1-1: Called Strike 1-2: Ball 2-2: Ball 3-2: Base on Balls Mike Gates to second
|
Batting: LHB Andre David
|
0-0: Reached on error, E6 (Groundball, 6, EV 106.3 MPH) Mike Gates to third Harold Baines to second
|
Batting: RHB Skeeter Barnes
|
0-0: Grounds into double play, 6-2-3 (Groundball, 6, EV 82.5 MPH)
|
Bottom of the 5th over - 0 runs, 1 hit, 1 error, 2 left on base; Tacoma 3 - Portland 2 |
TOP OF THE 6TH |
Tacoma Cubs batting - Pitching for Portland Beavers : RHP Nate Snell
|
Batting: LHB Willie Gonzalez
|
0-0: Ball 1-0: Ground out 1-3 (Groundball, 15S, EV 67.5 MPH)
|
Batting: LHB Dan Pasqua
|
0-0: Ball 1-0: Called Strike 1-1: Called Strike 1-2: Ball 2-2: SOLO HOME RUN (Flyball, 7D, EV 111.3 MPH), Distance : 384 ft
|
Batting: RHB Marty Castillo
|
0-0: Called Strike 0-1: Ball 1-1: Ball 2-1: Ball 3-1: Ground out 6-3 (Groundball, 6MD, EV 99.4 MPH)
|
Batting: LHB Thad Bosley
|
0-0: Foul Ball, location: 2F 0-1: Fly out, F7 (Flyball, 78M, EV 73.8 MPH)
|
Top of the 6th over - 1 run, 1 hit, 0 errors, 0 left on base; Tacoma 4 - Portland 2 |
BOTTOM OF THE 6TH |
Portland Beavers batting - Pitching for Tacoma Cubs : RHP Bob Davenport
|
Batting: RHB Pepe Mangual
|
0-0: Swinging Strike 0-1: Ball 1-1: Ball 2-1: Swinging Strike 2-2: SINGLE (Groundball, 34D, EV 95.6 MPH)
|
Batting: RHB Kevin Buckley
|
0-0: Ball 1-0: Called Strike 1-1: Foul Ball, location: 2F 1-2: Grounds into double play, 6-4-3 (Groundball, 6, EV 89.4 MPH)
|
Batting: RHB Fred Manrique
|
0-0: Foul Ball, location: 2F 0-1: Ball 1-1: Called Strike 1-2: Ground out 3-1 (Groundball, 34S, EV 76.9 MPH)
|
Bottom of the 6th over - 0 runs, 1 hit, 0 errors, 0 left on base; Tacoma 4 - Portland 2 |
TOP OF THE 7TH |
Tacoma Cubs batting - Pitching for Portland Beavers : RHP Nate Snell
|
Batting: RHB Paul Szymarek
|
0-0: Foul Ball, location: 2F 0-1: Swinging Strike 0-2: Strikes out looking
|
Batting: RHB Alex Trevino
|
0-0: Swinging Strike 0-1: Ball 1-1: SINGLE (Groundball, 6MD, EV 95.6 MPH)
|
Batting: RHB Houston Jimenez
|
0-0: Called Strike 0-1: Swinging Strike 0-2: Foul Ball, location: 2F 0-2: Ball 1-2: Ball 2-2: Ball 3-2: Foul Ball, location: 2F 3-2: Foul Ball, location: 2F 3-2: Foul Ball, location: 2F 3-2: Fly out, F9 (Line Drive, 9D, EV 94.4 MPH)
|
Batting: LHB John D Morris
|
0-0: Ball 1-0: Ball 2-0: Foul Ball, location: 2F 2-1: Ball 3-1: Foul Ball, location: 2F 3-2: Foul Ball, location: 2F 3-2: DOUBLE (Line Drive, 7LM, EV 108.1 MPH) Alex Trevino to third Alex Trevino scores
|
Batting: RHB Glenn Hubbard
|
0-0: Called Strike 0-1: Foul Ball, location: 2F 0-2: Fly out, F9 (Flyball, 9S, EV 84.4 MPH)
|
Top of the 7th over - 1 run, 2 hits, 0 errors, 1 left on base; Tacoma 5 - Portland 2 |
BOTTOM OF THE 7TH |
Portland Beavers batting - Pitching for Tacoma Cubs : RHP Bob Davenport
|
Batting: LHB Pat Sheridan
|
0-0: Ball 1-0: SINGLE (Line Drive, 7S, EV 114.4 MPH)
|
Batting: LHB Mike Gates
|
0-0: Ball 1-0: SINGLE (Groundball, 4MS, EV 73.1 MPH) (infield hit) Pat Sheridan to second
|
Batting: RHB Martinho Varandas
|
0-0: Ball 1-0: Ball 2-0: Ball 3-0: Called Strike 3-1: Swinging Strike 3-2: Foul Ball, location: 2F 3-2: Base on Balls Pat Sheridan to third Mike Gates to second
|
Batting: LHB Harold Baines
|
0-0: Fly out, F8 (Line Drive, 8RM, EV 90.6 MPH) Runner from 3rd tags up, SCORES, no throw by CF
|
Batting: LHB Andre David
|
0-0: Ball 1-0: Foul Ball, location: 2F 1-1: Called Strike 1-2: SINGLE (Line Drive, 7LS, EV 92.5 MPH) Mike Gates to third Martinho Varandas to second Runner from 3rd tries for Home, SAFE, throw by LF to home
|
Batting: RHB Skeeter Barnes
|
0-0: Ball 1-0: Called Strike 1-1: Fielders Choice at 2nd, 3-6 (Groundball, 34S, EV 83.1 MPH) Martinho Varandas to third
|
Batting: RHB Pepe Mangual
|
0-0: Ball 1-0: Foul Ball, location: 2F 1-1: Ball 2-1: Foul Ball, location: 2F 2-2: Fly out, F7 (Flyball, 7, EV 90.6 MPH)
|
Bottom of the 7th over - 2 runs, 3 hits, 0 errors, 2 left on base; Tacoma 5 - Portland 4 |
TOP OF THE 8TH |
Tacoma Cubs batting - Pitching for Portland Beavers : RHP Nate Snell
|
Pitching: RHP Luis Leal
|
|
Batting: LHB Willie Gonzalez
|
0-0: Ground out 2-3 (Groundball, 15S, EV 63.1 MPH)
|
Batting: LHB Dan Pasqua
|
0-0: Ball 1-0: Foul Ball, location: 2F 1-1: Ball 2-1: Foul Ball, location: 2F 2-2: Foul Ball, location: 2F 2-2: Strikes out swinging
|
Batting: RHB Marty Castillo
|
0-0: Ball 1-0: Ball 2-0: Ball 3-0: Called Strike 3-1: Base on Balls
|
Batting: LHB Thad Bosley
|
0-0: Foul Ball, location: 2F 0-1: Called Strike 0-2: Foul Ball, location: 2F 0-2: Strikes out swinging
|
Top of the 8th over - 0 runs, 0 hits, 0 errors, 1 left on base; Tacoma 5 - Portland 4 |
BOTTOM OF THE 8TH |
Portland Beavers batting - Pitching for Tacoma Cubs : RHP Bob Davenport
|
Batting: RHB Kevin Buckley
|
0-0: Called Strike 0-1: Called Strike 0-2: Foul Ball, location: 2F 0-2: Fly out, F8 (Line Drive, 8RD, EV 110.6 MPH)
|
Batting: RHB Fred Manrique
|
0-0: Ground out 5-3 (Groundball, 5, EV 80.6 MPH)
|
Batting: LHB Pat Sheridan
|
0-0: Called Strike 0-1: Ball 1-1: Ground out 6-3 (Groundball, 56S, EV 86.3 MPH)
|
Bottom of the 8th over - 0 runs, 0 hits, 0 errors, 0 left on base; Tacoma 5 - Portland 4 |
TOP OF THE 9TH |
Tacoma Cubs batting - Pitching for Portland Beavers : RHP Luis Leal
|
Pitching: RHP Enrique Reyes
|
|
Batting: RHB Paul Szymarek
|
0-0: Ball 1-0: Ball 2-0: Ground out 3-1 (Groundball, 13, EV 83.8 MPH)
|
Batting: RHB Alex Trevino
|
0-0: Ball 1-0: Called Strike 1-1: Foul Ball, location: 2F 1-2: Ball 2-2: Foul Ball, location: 2F 2-2: Foul Ball, location: 2F 2-2: Ball 3-2: Foul Ball, location: 2F 3-2: Foul Ball, location: 2F 3-2: Strikes out swinging, 2-3 out at first.
|
Batting: RHB Houston Jimenez
|
0-0: Called Strike 0-1: Ball 1-1: Fly out, F9 (Line Drive, 9, EV 91.9 MPH)
|
Top of the 9th over - 0 runs, 0 hits, 0 errors, 0 left on base; Tacoma 5 - Portland 4 |
BOTTOM OF THE 9TH |
Portland Beavers batting - Pitching for Tacoma Cubs : RHP Bob Davenport
|
Pitching: RHP Paul Thormodsgard
|
|
Batting: LHB Mike Gates
|
0-0: Called Strike 0-1: Ball 1-1: Swinging Strike 1-2: Ball 2-2: Strikes out swinging
|
Batting: RHB Martinho Varandas
|
0-0: Called Strike 0-1: Ball 1-1: Ball 2-1: Swinging Strike 2-2: Ground out 4-3 (Groundball, 4, EV 79.4 MPH)
|
Batting: LHB Harold Baines
|
0-0: Foul Ball, location: 2F 0-1: Swinging Strike 0-2: Strikes out swinging
|
Bottom of the 9th over - 0 runs, 0 hits, 0 errors, 0 left on base; Tacoma 5 - Portland 4 |
|